[Event "Team 45 45 League T32"]
[Site "Internet Chess Club"]
[Date "2007.02.04"]
[Round "3"]
[White "fledermaus"]
[Black "Silenita"]
[Result "1/2-1/2"]
[WhiteElo "2048"]
[BlackElo "1833"]
[ECO "E34"]
[TimeControl "2700+45"]

1. d4 Nf6 2. c4 e6 3. Nc3 Bb4 4. Qc2 d5 5. cxd5 Qxd5 6. e3 Bxc3+ 7. bxc3 O-O 8.
Nf3 Qe4 9. Bd3 Qg4 10. O-O Nbd7 11. e4 Qh5 12. e5 Nd5 13. Ng5 f5 14. Nxe6 Re8
15. Nf4 Nxf4 16. Bxf4 Nb6 17. Bd2 Be6 18. c4 c6 19. f4 Rad8 20. Qc3 Qf7 21. Rac1
Rd7 22. Be3 Red8 23. Be2 Qg6 24. Qb4 h6 25. a4 Nc8 26. Bf3 Ne7 27. Bf2 Qf7 28.
Rfd1 g5 29. g3 g4 30. Bg2 Ng6 31. Rd2 h5 32. a5 Rc8 33. Qc5 Ne7 34. Rb2 a6 35.
Rcb1 Rcc7 36. Rb4 Nc8 37. Bf1 Qe7 38. Qxe7 Nxe7 39. R4b2 Kg7 40. Rd1 Kf7 41. Be1
Ng6 42. Bb4 c5 43. d5 cxb4 44. dxe6+ Kxe6 45. Rxd7 Kxd7 46. Rxb4 Ne7 47. Bg2 Nc6
{Game drawn by mutual agreement} 1/2-1/2

[Event "Team 45 45 League T32"]
[Site "Internet Chess Club"]
[Date "2007.02.04"]
[Round "3"]
[White "RedAttack"]
[Black "Flying-Tiger"]
[Result "1/2-1/2"]
[WhiteElo "1837"]
[BlackElo "1919"]
[ECO "E11"]
[TimeControl "2700+45"]

1. d4 e6 2. c4 Nf6 3. Nf3 Bb4+ 4. Bd2 Qe7 5. a3 Bxd2+ 6. Nbxd2 c5 7. e3 b6 8.
Bd3 Bb7 9. O-O d6 10. b4 Nbd7 11. Re1 O-O 12. Qc2 h6 13. h3 Rac8 14. Rad1 Rfd8
15. Qb1 e5 16. d5 Re8 17. Ne4 Nxe4 18. Bxe4 cxb4 19. Qxb4 Ba6 20. Rc1 Rc7 21.
Nd2 Nc5 22. Qb1 Bc8 23. Red1 Nxe4 24. Nxe4 Bf5 25. f3 Rec8 26. Qb4 Bxe4 27. fxe4
Rc5 28. Rf1 Qc7 29. Kh2 Rxc4 30. Rxc4 Qxc4 31. Qb1 Qc3 32. Qb5 Qxa3 33. Rxf7 Rf8
34. Rxf8+ Kxf8 35. Qd7 Qc5 36. Qd8+ Kf7 37. h4 a5 38. Qd7+ Kf8 39. Qd8+ Kf7
{Game drawn by mutual agreement} 1/2-1/2

[Event "Team 45 45 League T32"]
[Site "Internet Chess Club"]
[Date "2007.02.03"]
[Round "3"]
[White "isolani"]
[Black "Grenadier"]
[Result "0-1"]
[WhiteElo "1664"]
[BlackElo "1736"]
[ECO "D02"]
[TimeControl "2700+45"]

1. d4 d5 2. Nf3 Nf6 3. b3 Bg4 4. e3 c6 5. Nbd2 Nbd7 6. Be2 e6 7. Bb2 Bd6 8. O-O
Qc7 9. c4 O-O 10. h3 Bh5 11. Rc1 Rfe8 12. a3 Rac8 13. b4 Qb8 14. Re1 e5 15. c5
Bc7 16. dxe5 Nxe5 17. Bxe5 Bxe5 18. Nxe5 Bxe2 19. Rxe2 Rxe5 20. Nf3 Re7 21. Qc2
Rce8 22. Rce1 Qc7 23. Qf5 a5 24. Qd3 axb4 25. axb4 Nd7 26. e4 dxe4 27. Rxe4 Rxe4
28. Rxe4 Rxe4 29. Qxe4 Nf6 30. Qd4 Qd7 31. Kf1 Qxd4 32. Nxd4 Kf8 33. b5 cxb5 34.
Nxb5 Nd7 35. Ke2 Nxc5 36. Ke3 Ke7 37. Kd4 Ne6+ 38. Kd5 Nf4+ {White resigns} 0-1

[Event "Team 45 45 League T32"]
[Site "Internet Chess Club"]
[Date "2007.02.01"]
[Round "3"]
[White "Razorbackchess"]
[Black "camembert"]
[Result "1/2-1/2"]
[WhiteElo "1897"]
[BlackElo "1949"]
[ECO "A20"]
[TimeControl "2700+45"]

1. c4 e5 2. g3 Nf6 3. Bg2 c6 4. d4 exd4 5. Qxd4 d5 6. cxd5 cxd5 7. Nf3 Nc6 8.
Qa4 Bc5 9. O-O O-O 10. Bg5 h6 11. Bxf6 Qxf6 12. Nc3 Be6 13. Rac1 Bb6 14. Ne1
Rad8 15. Nd3 Ne5 16. Nf4 Ng4 17. Ncxd5 Bxd5 18. Nxd5 Bxf2+ 19. Kh1 Rxd5 20. Qxg4
Rd4 21. e4 Rd2 22. Rc8 Rxc8 23. Qxc8+ Kh7 24. Qxb7 Rxb2 25. e5 Rxb7 26. exf6 Rb2
27. fxg7 Kxg7 28. Bd5 f6 {Game drawn by mutual agreement} 1/2-1/2

[Event "Team 45 45 League T32"]
[Site "Internet Chess Club"]
[Date "2007.02.04"]
[Round "3"]
[White "Rainbird"]
[Black "rss"]
[Result "1/2-1/2"]
[WhiteElo "1752"]
[BlackElo "1746"]
[ECO "D35"]
[TimeControl "2700+45"]

1. d4 Nf6 2. c4 e6 3. Nc3 d5 4. cxd5 exd5 5. Bg5 Be7 6. e3 O-O 7. Bd3 c6 8. Qc2
h6 9. Bh4 b6 10. Nf3 Nbd7 11. O-O Bb7 12. Rac1 c5 13. dxc5 bxc5 14. Rfd1 Rc8 15.
Bf5 Ra8 16. Qb3 Bc6 17. Bxd7 Rb8 18. Qc2 Qxd7 19. Ne5 Qb7 20. Nxc6 Qxc6 21. Bxf6
Bxf6 22. b3 Bxc3 23. Qxc3 Rbc8 24. Qa5 Rfd8 25. Qxa7 Ra8 26. Qxc5 Qxc5 27. Rxc5
Rxa2 28. h3 Rb2 29. Rb5 Kf8 30. Rb7 Ke8 31. b4 Rc2 32. b5 Rcc8 33. b6 Rb8 34.
Rxb8 Rxb8 35. Rb1 Kd7 36. Kf1 Kc6 37. Ke2 Rxb6 38. Rxb6+ Kxb6 39. Kd3 Kc6 40. g4
Kd6 41. Kd4 g6 42. e4 dxe4 43. Kxe4 Ke6 44. f4 f5+ 45. gxf5+ gxf5+ 46. Kd4 Kd6
47. Kc4 Kc6 48. h4 h5 49. Kd4 {Game drawn by mutual agreement} 1/2-1/2

[Event "Team 45 45 League T32"]
[Site "Internet Chess Club"]
[Date "2007.02.03"]
[Round "3"]
[White "rubo"]
[Black "six-killer"]
[Result "0-1"]
[WhiteElo "1832"]
[BlackElo "1731"]
[ECO "A03"]
[TimeControl "2700+45"]

1. f4 d5 2. b3 Nf6 3. Nf3 Bg4 4. e3 Nbd7 5. Bb2 e6 6. h3 Bxf3 7. Qxf3 Bd6 8. g4
e5 9. g5 Ne4 10. c4 f6 11. cxd5 Nec5 12. h4 Qe7 13. d4 e4 14. Qg4 Nd3+ 15. Bxd3
exd3 16. Qe6 Bb4+ 17. Bc3 Bd6 18. Nd2 O-O-O 19. Nc4 Ba3 20. Kd2 Rhe8 21. gxf6
gxf6 22. f5 Qf8 23. d6 Rxe6 24. fxe6 Bxd6 25. exd7+ Kxd7 26. Raf1 Qh6 27. Rf5
Qg6 28. Rhf1 Qg2+ 29. R1f2 Qe4 30. h5 Bg3 31. R2f3 Bh4 32. R3f4 Qg2+ 33. Kxd3
Bg5 34. Rf2 Qg4 35. d5 b5 36. Nd2 Re8 37. R2f3 Rxe3+ 38. Rxe3 Qxf5+ 39. Re4 Qh3+
40. Kc2 Qxh5 41. Bb4 Qg6 42. Kd3 Bxd2 43. Bxd2 Kd6 44. Kd4 Qg1+ 45. Be3 Qd1+ 46.
Kc3 Qxd5 47. Rd4 h5 48. Bf4+ Kc5 49. Rxd5+ Kxd5 50. Bxc7 Ke4 51. Kd2 Kf3 52. Ke1
Kg2 53. Bd8 f5 54. Bg5 Kf3 55. Kf1 f4 56. a4 bxa4 57. bxa4 a6 58. a5 Kg4 59. Bh6
h4 60. Kg2 f3+ 61. Kf2 h3 62. Kg1 Kg3 63. Bf8 h2+ 64. Kh1 f2 65. Bd6+ Kf3 66.
Kxh2 f1=Q 67. Bf4 Qg2# {White checkmated} 0-1

[Event "Team 45 45 League T32"]
[Site "Internet Chess Club"]
[Date "2007.02.07"]
[Round "3"]
[White "RD1974"]
[Black "Changuito-77"]
[Result "0-1"]
[WhiteElo "1664"]
[BlackElo "1802"]
[ECO "C23"]
[TimeControl "2700+45"]

1. e4 e5 2. Bc4 Bc5 3. d3 Nc6 4. Nc3 Na5 5. Bxf7+ Kxf7 6. Qh5+ Kf8 7. Qxe5 d6 8.
Qf4+ Qf6 9. Nf3 Qxf4 10. Bxf4 Ne7 11. O-O Nac6 12. Na4 Bb6 13. Nxb6 axb6 14. a3
Bg4 15. Ne1 Be2 16. Bd2 h6 17. f4 Bxf1 18. Kxf1 Kg8 19. Bc3 Kh7 20. Nf3 Rhf8 21.
g3 b5 22. Re1 Rae8 23. Kg2 g6 24. Kf2 Nc8 25. Kg2 Nb6 26. Kf2 Na4 27. Rb1 Nxc3
28. bxc3 Ra8 29. Rxb5 b6 30. Rb3 Ra5 31. Nd2 Rfa8 32. Nc4 Ra4 33. h3 Na5 34.
Nxb6 Nxb3 35. cxb3 Rxa3 36. Nxa8 Rxa8 37. Ke3 Ra3 38. Kd4 Rxb3 39. c4 c5+ 40.
Kd5 Rxd3+ 41. Ke6 Kg7 42. g4 Rd4 43. f5 Rxe4+ 44. Kd5 Rd4+ 45. Ke6 gxf5 46. gxf5
Rxc4 47. f6+ Kf8 {White resigns} 0-1

[Event "Team 45 45 League T32"]
[Site "Internet Chess Club"]
[Date "2007.02.04"]
[Round "3"]
[White "spacecadet"]
[Black "room-matt"]
[Result "1-0"]
[WhiteElo "1988"]
[BlackElo "1855"]
[ECO "C34"]
[TimeControl "2700+45"]

1. e4 e5 2. f4 exf4 3. Nf3 d6 4. Bc4 h6 5. Nc3 g5 6. d4 Bg7 7. O-O c6 8. e5 Ne7
9. exd6 Qxd6 10. Ne4 Qc7 11. Nfxg5 hxg5 12. Nxg5 f3 13. g3 Bg4 14. Qd3 Bf6 15.
Nxf7 Rf8 16. Bf4 Qb6 17. Ne5 Bxe5 18. Bxe5 f2+ 19. Rxf2 Rxf2 20. Kxf2 Qxb2 21.
Re1 Bf5 22. Qd2 Nd5 23. Bxd5 cxd5 24. Bxb8+ Be4 25. Bf4 Rc8 26. Re2 Rc4 27. Be3
b6 28. c3 Qxc3 29. Qxc3 Rxc3 30. g4 Kf7 31. Kg3 Rc8 32. Rf2+ Ke6 33. h4 Rh8 34.
Bg5 Kd6 35. Rf6+ Kc7 36. Rf7+ Kb8 37. Bf4+ Ka8 38. h5 Bb1 39. a3 Bd3 40. h6 Rh7
41. Rxh7 Bxh7 42. Bd6 Kb7 43. Kf4 Kc6 44. Ke5 b5 45. Bc5 a6 46. Kf6 Bd3 47. g5
{Black resigns} 1-0

[Event "Team 45 45 League T32"]
[Site "Internet Chess Club"]
[Date "2007.02.04"]
[Round "3"]
[White "burnsja2003"]
[Black "Hazy"]
[Result "0-1"]
[WhiteElo "1839"]
[BlackElo "1938"]
[ECO "E00"]
[TimeControl "2700+45"]

1. d4 Nf6 2. c4 e6 3. Bg5 h6 4. Bxf6 Qxf6 5. e3 c5 6. Nf3 Nc6 7. Nc3 cxd4 8.
exd4 Bb4 9. Qd2 O-O 10. Be2 b6 11. O-O Bb7 12. a3 Bxc3 13. Qxc3 Rac8 14. Qe3 Na5
15. b3 d5 16. Ne5 Rfd8 17. f4 dxc4 18. bxc4 Ba6 19. Rac1 Nc6 20. Rfd1 Bb7 21.
Bf3 Qe7 22. Bh5 Nxe5 23. fxe5 Qh4 24. Bf3 Bxf3 25. gxf3 Qg5+ 26. Qxg5 hxg5 27.
Kg2 f6 28. exf6 gxf6 29. Kg3 Kf7 30. f4 Rg8 31. c5 f5 32. c6 gxf4+ 33. Kxf4 Rg4+
34. Kf3 Rc7 35. d5 exd5 36. Rxd5 Ke6 37. Rd8 Ra4 38. Rc3 Rh4 39. Re3+ Kf7 40.
Kg2 Rxc6 41. Rd7+ Kf6 42. Rxa7 Rc2+ 43. Kf3 Rcxh2 44. Ree7 R4h3+ 45. Kf4 Rf2#
{White checkmated} 0-1

[Event "Team 45 45 League T32"]
[Site "Internet Chess Club"]
[Date "2007.02.02"]
[Round "3"]
[White "Avedldesierto"]
[Black "jacknor"]
[Result "1-0"]
[WhiteElo "1609"]
[BlackElo "1555"]
[ECO "B34"]
[TimeControl "2700+45"]

1. e4 c5 2. Nf3 Nc6 3. d4 cxd4 4. Nxd4 g6 5. Be3 Bg7 6. c3 Nf6 7. Bd3 O-O 8. O-O
d5 9. exd5 Nxd4 10. Bxd4 Qxd5 11. Nd2 b5 12. Qe2 Bb7 13. f3 a6 14. Bxf6 exf6 15.
Be4 Qc5+ 16. Qf2 Qxf2+ 17. Kxf2 Rab8 18. Bxb7 Rxb7 19. Nb3 Rc7 20. Rad1 b4 21.
cxb4 f5 22. Rd2 Rc4 23. a3 Rfc8 24. Rfd1 Rc2 25. Rxc2 Rxc2+ 26. Rd2 Rxd2+ 27.
Nxd2 Bxb2 28. Nc4 Bc1 29. Ke2 g5 30. a4 Bf4 31. h3 h5 32. Ne3 Bd6 33. b5 axb5
34. axb5 f4 35. Nd5 Kg7 36. Kd3 f5 37. b6 Bb8 38. b7 g4 39. Nb4 Kf6 40. Nc6 Bc7
41. b8=Q Bxb8 42. Nxb8 gxh3 43. gxh3 Kg5 44. Ke2 Kh4 45. Kf2 Kxh3 46. Nd7 Kh4
47. Nf6 Kg5 48. Nd5 h4 49. Kg2 Kg6 50. Nxf4+ Kg5 51. Nd3 Kf6 52. Kh3 Kg5 53. f4+
Kh5 54. Ne5 {Black resigns} 1-0

[Event "Team 45 45 League T32"]
[Site "Internet Chess Club"]
[Date "2007.02.03"]
[Round "3"]
[White "twintower"]
[Black "chiiwen"]
[Result "0-1"]
[WhiteElo "1533"]
[BlackElo "1899"]
[ECO "B34"]
[TimeControl "2700+45"]

1. e4 c5 2. Nf3 g6 3. d4 cxd4 4. Nxd4 Nc6 5. Nc3 Bg7 6. Be3 Nf6 7. f3 O-O 8. Qd2
d5 9. O-O-O dxe4 10. fxe4 Ng4 11. Nxc6 Qxd2+ 12. Rxd2 bxc6 13. Bc5 Bh6 {White
resigns} 0-1

[Event "Team 45 45 League T32"]
[Site "Internet Chess Club"]
[Date "2007.02.02"]
[Round "3"]
[White "kingcapture"]
[Black "chesskilleruk"]
[Result "1/2-1/2"]
[WhiteElo "2172"]
[BlackElo "2311"]
[ECO "B40"]
[TimeControl "2700+45"]

1. e4 c5 2. Nf3 e6 3. d3 Nc6 4. g3 g6 5. d4 cxd4 6. Nxd4 d6 7. Nc3 a6 8. Bg2 Bg7
9. Nde2 Nge7 10. O-O O-O 11. Be3 b5 12. f4 Bb7 13. a3 Qc7 14. g4 Na5 15. Bf2 Nc4
16. Qc1 Rac8 17. Nd1 Na5 18. Ne3 f5 19. exf5 Bxg2 20. Kxg2 exf5 21. g5 Qc6+ 22.
Kg3 Qe4 23. Qd2 Nb7 24. Rab1 Qc6 25. b4 d5 26. Nd4 Qd7 27. c3 Nd6 28. Kg2 Ne4
29. Qb2 Rxc3 30. Rbd1 Rfc8 31. Qa2 Nxf2 32. Kxf2 Qd6 33. Ne2 R3c7 34. Nxd5 Nxd5
35. Rxd5 Qb6+ 36. Kg2 Kh8 37. Rfd1 Rc2 38. Rd8+ Rxd8 39. Rxd8+ Qxd8 40. Qxc2
Qd5+ 41. Kg3 Qe6 42. Qd3 h6 43. h4 hxg5 44. hxg5 Kh7 45. Qf3 Qa2 46. Qh1+ Kg8
47. Qa8+ Bf8 48. Qf3 Qd2 49. Nc3 Qe1+ 50. Kh3 Kg7 51. Nd5 Bd6 52. Nf6 Qe7 53.
Qb3 Qf8 54. Qe3 Qe7 55. Qd4 Kf7 56. Nd5 Qd8 57. Qc3 Bb8 58. Qc6 Qd6 59. Qb7+ Ke6
60. Nf6 Qd3+ 61. Kh4 Bxf4 62. Qc8+ Ke5 63. Qc5+ Ke6 64. Qc8+ Ke5 65. Qc5+ {Game
drawn by mutual agreement} 1/2-1/2

[Event "Team 45 45 League T32"]
[Site "Internet Chess Club"]
[Date "2007.02.04"]
[Round "3"]
[White "JustinSane"]
[Black "Psychokinetic"]
[Result "1-0"]
[WhiteElo "2230"]
[BlackElo "2083"]
[ECO "D00"]
[TimeControl "2700+45"]

1. d4 d5 2. Bf4 Nc6 3. e3 Nf6 4. Nf3 Bg4 5. Nbd2 e6 6. Be2 Bd6 7. c3 O-O 8. O-O
Ne4 9. Nxe4 dxe4 10. Ng5 Bf5 11. Qc2 Bxf4 12. exf4 Qd5 13. g4 Bg6 14. Qc1 f6 15.
Nh3 e5 16. dxe5 fxe5 17. f5 Bf7 18. Qe3 Nd4 19. cxd4 exd4 20. Qg3 c5 21. Rfd1 d3
22. Bf1 Qd4 23. Qe3 Qxb2 24. Qxe4 c4 25. Rab1 Qxa2 26. Ng5 Rad8 27. Rxb7 Bd5 28.
Qe7 Bxb7 29. Ne6 Qb2 30. Nxd8 Qd4 31. Qe6+ {Black resigns} 1-0

[Event "Team 45 45 League T32"]
[Site "Internet Chess Club"]
[Date "2007.02.03"]
[Round "3"]
[White "onslaught"]
[Black "The7thGuest"]
[Result "0-1"]
[WhiteElo "2150"]
[BlackElo "2159"]
[ECO "C18"]
[TimeControl "2700+45"]

1. d4 e6 2. e4 d5 3. Nc3 Bb4 4. e5 c5 5. a3 Bxc3+ 6. bxc3 Qc7 7. Nf3 Ne7 8. a4
h6 9. Bb5+ Bd7 10. Bd3 Nbc6 11. O-O cxd4 12. cxd4 Nb4 13. Ba3 Nxd3 14. Qxd3 Bc6
15. Bd6 Qd7 16. Qa3 Nc8 17. Bc5 b6 18. Bb4 a5 19. Bd2 Qe7 20. Qb3 O-O 21. Rfb1
Qb7 22. Ra3 Qa6 23. Qe3 Ne7 24. Qf4 Rfb8 25. Nh4 Be8 26. Qg4 Ng6 27. Nxg6 fxg6
28. Qxe6+ Bf7 29. Qd7 Qe2 30. Rd3 Rd8 31. Qb5 Be8 32. Qb3 b5 33. axb5 a4 34. Qa2
Bxb5 35. Re1 Bxd3 36. Rxe2 Bxe2 37. e6 a3 38. e7 Rdb8 39. Qxd5+ Kh7 40. f4 Bg4
41. Bc3 a2 42. Ba1 Ra7 43. Qe5 Rb1+ 44. Kf2 Rxe7 45. Qxe7 Rxa1 {White resigns}
0-1

[Event "Team 45 45 League T32"]
[Site "Internet Chess Club"]
[Date "2007.01.31"]
[Round "3"]
[White "livis"]
[Black "fledermaus"]
[Result "1-0"]
[WhiteElo "2209"]
[BlackElo "1983"]
[ECO "B07"]
[TimeControl "2700+45"]

1. e4 d6 2. d4 Nf6 3. Bd3 e5 4. c3 Be7 5. Ne2 O-O 6. O-O Nbd7 7. Ng3 Re8 8. f4
c6 9. h3 Bf8 10. Na3 Qc7 11. Nc2 b6 12. Qe2 Bb7 13. Bd2 exd4 14. cxd4 Nxe4 15.
Bxe4 d5 16. Bxh7+ Kxh7 17. Qh5+ Kg8 18. Rae1 Nf6 19. Qg5 Ne4 20. Rxe4 f6 21. Qg6
dxe4 22. Nf5 e3 23. Ncxe3 Rxe3 24. Bxe3 Bc8 25. Rf3 Bxf5 26. Qxf5 Qf7 27. b3 Rd8
28. Rg3 Rd5 29. Qg4 Bb4 30. Qc8+ Qf8 31. Qxc6 Rd6 32. Qc4+ {Black resigns} 1-0

[Event "Team 45 45 League T32"]
[Site "Internet Chess Club"]
[Date "2007.02.02"]
[Round "3"]
[White "Skrups"]
[Black "postalex"]
[Result "0-1"]
[WhiteElo "2059"]
[BlackElo "2223"]
[ECO "B00"]
[TimeControl "2700+45"]

1. e4 Nc6 2. d4 d5 3. e5 Bf5 4. c3 e6 5. Nd2 f6 6. f4 Nh6 7. Be2 Be7 8. Ngf3 Qd7
9. Nf1 Be4 10. Ng3 f5 11. O-O Nf7 12. b4 Rg8 13. b5 Ncd8 14. Ng5 Nxg5 15. fxg5
Nf7 16. h4 g6 17. Nxe4 dxe4 18. Qb3 h6 19. g4 hxg5 20. gxf5 gxf5 21. Bh5 f4 22.
Kf2 Rh8 23. Bxf7+ Kxf7 24. Rh1 e3+ 25. Kf1 Qd5 26. Qxd5 exd5 27. Ke2 Ke6 28. Kf3
Kf5 29. Bb2 g4+ 30. Ke2 {White resigns} 0-1

[Event "Team 45 45 League T32"]
[Site "Internet Chess Club"]
[Date "2007.02.04"]
[Round "3"]
[White "KingDestroyer"]
[Black "MiroslavR"]
[Result "1-0"]
[WhiteElo "2221"]
[BlackElo "1988"]
[ECO "C18"]
[TimeControl "2700+45"]

1. e4 e6 2. d4 d5 3. Nc3 Bb4 4. e5 c5 5. a3 Bxc3+ 6. bxc3 Ne7 7. Qg4 O-O 8. Bd3
f5 9. exf6 Rxf6 10. Bg5 Rf7 11. Qh5 g6 12. Qd1 Nbc6 13. Nf3 Qf8 14. O-O c4 15.
Be2 h6 16. Bc1 Bd7 17. a4 Qg7 18. Ba3 g5 19. Nd2 e5 20. dxe5 Nxe5 21. Nf3 Bc6
22. Nxe5 Qxe5 23. Bh5 Rf4 24. g3 Re4 25. Bf3 Nf5 26. Bxe4 dxe4 27. Qh5 Kg7 28.
Qe2 Bd5 29. Rad1 Re8 30. Bc5 Kg6 31. Bd4 Qe6 32. Be3 h5 33. Rd2 b6 34. Rfd1 Bc6
35. a5 bxa5 36. Bc5 Qc8 37. Qxc4 g4 38. Rd6+ Kg7 39. Bd4+ Nxd4 40. Qxd4+ Kg8 41.
Qf6 {Black resigns} 1-0

[Event "Team 45 45 League T32"]
[Site "Internet Chess Club"]
[Date "2007.02.03"]
[Round "3"]
[White "vaibhav"]
[Black "syy89"]
[Result "0-1"]
[WhiteElo "2209"]
[BlackElo "2139"]
[ECO "B33"]
[TimeControl "2700+45"]

1. e4 c5 2. Nf3 Nc6 3. d4 cxd4 4. Nxd4 Nf6 5. Nc3 e5 6. Ndb5 d6 7. Bg5 a6 8. Na3
b5 9. Bxf6 gxf6 10. Nd5 f5 11. c3 Bg7 12. exf5 Bxf5 13. Nc2 O-O 14. Nce3 Be6 15.
Bd3 f5 16. O-O Kh8 17. a4 bxa4 18. Rxa4 a5 19. Qh5 Bf7 20. Qh3 e4 21. Bc2 Ne5
22. f3 Rb8 23. fxe4 f4 24. Nxf4 Rxb2 25. Ne6 Bxe6 26. Rxf8+ Qxf8 27. Qxe6 Nd3
28. Bxd3 Qf2+ 29. Kh1 Rb1+ {White resigns} 0-1

[Event "Team 45 45 League T32"]
[Site "Internet Chess Club"]
[Date "2007.02.01"]
[Round "3"]
[White "NoLuckOnlySkill"]
[Black "Allessia"]
[Result "0-1"]
[WhiteElo "2032"]
[BlackElo "2216"]
[ECO "B33"]
[TimeControl "2700+45"]

1. e4 c5 2. Nf3 Nc6 3. d4 cxd4 4. Nxd4 Nf6 5. Nxc6 bxc6 6. Bd3 Rb8 7. O-O e5 8.
h3 d5 9. Re1 dxe4 10. Bxe4 Qxd1 11. Bxc6+ Bd7 12. Rxd1 Bxc6 13. c4 Bc5 14. Nc3
O-O 15. a3 Bd4 16. Rd3 Ne4 17. Nxe4 Bxe4 18. Rd2 Rfc8 19. Kf1 Rxc4 20. f3 Bg6
21. Ke2 Rbc8 22. Kd1 Be3 {White resigns} 0-1

[Event "Team 45 45 League T32"]
[Site "Internet Chess Club"]
[Date "2007.02.02"]
[Round "3"]
[White "Ozgur-Bjk"]
[Black "bahus"]
[Result "1-0"]
[WhiteElo "2128"]
[BlackElo "1913"]
[ECO "A56"]
[TimeControl "2700+45"]

1. d4 Nf6 2. c4 c5 3. e3 e6 4. Nf3 d5 5. Nc3 Nc6 6. cxd5 Nxd5 7. Bd3 cxd4 8.
exd4 Bb4 9. Bd2 O-O 10. O-O b6 11. Qc2 h6 12. Nxd5 Qxd5 13. Be4 Nxd4 14. Nxd4
Qxd4 15. Bxb4 Qxb4 16. Bxa8 Ba6 17. Bf3 {Black resigns} 1-0

[Event "Team 45 45 League T32"]
[Site "Internet Chess Club"]
[Date "2007.02.03"]
[Round "3"]
[White "aksuw"]
[Black "steve"]
[Result "1-0"]
[WhiteElo "2090"]
[BlackElo "1986"]
[ECO "E91"]
[TimeControl "2700+45"]

1. Nf3 Nf6 2. c4 g6 3. Nc3 Bg7 4. e4 d6 5. d4 O-O 6. Be2 c5 7. O-O cxd4 8. Nxd4
Nc6 9. Be3 Nd7 10. Qd2 a6 11. Rfd1 Re8 12. Nxc6 bxc6 13. c5 dxc5 14. Bxc5 Qa5
15. Bd4 e5 16. Be3 Nf8 17. Rac1 Ne6 18. Qd6 Nd4 19. b4 Nxe2+ 20. Nxe2 Qxa2 21.
Qxc6 Bg4 22. Nc3 Qa3 23. f3 Rec8 24. Qb6 Rxc3 25. Rxc3 Qxc3 26. fxg4 Bf8 27. Bc5
Bxc5+ 28. Qxc5 Qxc5+ 29. bxc5 Kf8 30. g5 Ke7 31. Rd5 Ke6 32. Kf2 a5 33. c6 a4
34. c7 Rc8 35. Rc5 Kd6 36. Ra5 Rxc7 37. Rxa4 Kc5 38. h4 Kb5 39. Ra2 Rc4 40. Ra7
Rxe4 41. g3 Kc5 42. Rxf7 Rd4 43. Rxh7 Rd6 44. g4 Kd4 45. h5 Ke4 46. Rh6 Rd2+ 47.
Ke1 Rg2 48. Rxg6 Rxg4 49. h6 Kf5 50. h7 Kxg6 51. h8=Q Rxg5 52. Ke2 Kf5 53. Qh3+
Kf6 54. Ke3 Rf5 55. Qh6+ Ke7 56. Ke4 Rf6 57. Qg5 Kf7 58. Kxe5 Re6+ 59. Kf5 Re7
60. Qg6+ Kf8 61. Qh6+ Kg8 62. Qd6 Rf7+ 63. Ke6 Rg7 64. Qb8+ Kh7 65. Qb1+ Kg8 66.
Qf5 Rh7 67. Qg6+ Rg7 68. Qe8+ Kh7 69. Kf6 Ra7 70. Qe4+ Kg8 71. Qd5+ Kh8 72. Qh1+
Rh7 73. Qa8# {Black checkmated} 1-0

[Event "Team 45 45 League T32"]
[Site "Internet Chess Club"]
[Date "2007.02.01"]
[Round "3"]
[White "HomerSimpson"]
[Black "Milo"]
[Result "0-1"]
[WhiteElo "2259"]
[BlackElo "2460"]
[ECO "A00"]
[TimeControl "2700+45"]

1. b4 e5 2. Bb2 Bxb4 3. Bxe5 Nf6 4. c3 Be7 5. Nf3 O-O 6. e3 d5 7. Qc2 Nbd7 8.
Bg3 Re8 9. d4 c5 10. Nbd2 c4 11. Be2 Qa5 12. e4 Nxe4 13. Nxe4 dxe4 14. Nd2 b5
15. O-O Nb6 16. Nxe4 Bf5 17. Bf3 Bg6 18. Qd2 Na4 19. Nd6 Bxd6 20. Bxd6 Qxc3 21.
Qxc3 Nxc3 22. Bxa8 Ne2+ 23. Kh1 Rxa8 24. Bc5 c3 25. Rfe1 Bd3 26. Rxe2 Bxe2 27.
Rc1 Bc4 28. a3 Re8 29. h3 Re2 30. Rxc3 Rxf2 31. Bxa7 Ra2 32. Re3 f6 33. Kg1 Bd5
34. g3 b4 35. Re1 b3 36. Rb1 b2 {White resigns} 0-1

[Event "Team 45 45 League T32"]
[Site "Internet Chess Club"]
[Date "2007.02.05"]
[Round "3"]
[White "jpitt"]
[Black "DTK"]
[Result "0-1"]
[WhiteElo "2349"]
[BlackElo "2168"]
[ECO "A57"]
[TimeControl "2700+45"]

1. d4 Nf6 2. c4 c5 3. d5 b5 4. Nf3 Bb7 5. Nbd2 bxc4 6. e4 e6 7. dxe6 dxe6 8.
Bxc4 Bxe4 9. O-O Bd5 10. Bb5+ Bc6 11. Bxc6+ Nxc6 12. Qa4 Qd7 13. Qh4 Be7 14. Nb3
Nb4 15. Bg5 Nbd5 16. Ne5 Qc7 17. Qa4+ Nd7 18. Bxe7 Kxe7 19. Nxd7 Qxd7 20. Qh4+
Nf6 21. Nxc5 Qb5 22. b4 a5 23. Rfb1 axb4 24. Qxb4 Qxb4 25. Rxb4 Rhc8 26. Rb7+
Ke8 27. Nb3 Ra3 28. h3 Rca8 29. Rc1 Nd5 30. Nd4 Rxa2 31. Nb5 Kf8 32. Rc6 R2a6
33. Rc2 Rd8 34. Nc7 Rb6 35. Ra7 Nb4 36. Na8 Nxc2 37. Nxb6 Nd4 38. Nd7+ Ke8 39.
Ne5 f6 40. Nc4 Rd7 41. Ra8+ Ke7 42. Rg8 Kf7 43. Ra8 e5 44. Ra6 Ke7 45. Nb6 Rb7
46. Nd5+ Kf7 47. Ne3 Rb1+ 48. Kh2 Rb2 49. Ra7+ Kg6 50. Kg1 h5 51. Rc7 h4 52. Ra7
Ne2+ 53. Kh2 Nf4 54. Kg1 Nd3 55. Ra4 Kh5 56. Nf5 g5 57. g4+ hxg3 58. fxg3 Kg6
59. g4 Nf4 60. Ra3 Kf7 61. Kf1 Rh2 62. Ra7+ Ke6 63. Ra6+ Kd5 64. h4 gxh4 65.
Rxf6 Ke4 66. g5 Kf3 67. Ke1 Re2+ 68. Kd1 h3 69. Rh6 h2 70. g6 Nxg6 71. Ng3 Kxg3
72. Rxg6+ Kf3 73. Rf6+ Ke3 74. Rh6 Rg2 75. Rh3+ Kf2 76. Kd2 Kg1+ {White resigns}
0-1

[Event "Team 45 45 League T32"]
[Site "Internet Chess Club"]
[Date "2007.02.04"]
[Round "3"]
[White "mint-tea"]
[Black "SpikeyJ"]
[Result "0-1"]
[WhiteElo "1761"]
[BlackElo "2039"]
[ECO "B08"]
[TimeControl "2700+45"]

1. e4 d6 2. d4 Nf6 3. Nc3 g6 4. Nf3 Bg7 5. Be2 O-O 6. O-O Bg4 7. h3 Bxf3 8. Bxf3
e5 9. Be3 exd4 10. Bxd4 Nc6 11. Be3 Re8 12. Qd2 Qe7 13. Rad1 a6 14. Rfe1 Rac8
15. Bg5 Qe5 16. Nd5 Nd4 17. Qxd4 Qxg5 18. Qb4 Nxd5 19. Rxd5 Qf4 20. Qxb7 Be5 21.
b3 c6 22. Rd3 Qh2+ 23. Kf1 Rb8 24. Qxa6 Ra8 25. Qc4 d5 26. Qc5 f5 27. Qxc6 dxe4
28. Bxe4 fxe4 29. Rxe4 Rac8 30. Qd5+ Kh8 31. c4 Bf6 32. Rxe8+ Rxe8 33. g4 Bh4
34. Qd4+ Re5 35. Rg3 Bxg3 36. fxg3 Qe2+ 37. Kg1 Qe1+ 38. Kg2 h6 39. Qd8+ Kh7 40.
Qd7+ Re7 41. Qd3 Re2+ {White resigns} 0-1

[Event "Team 45 45 League T32"]
[Site "Internet Chess Club"]
[Date "2007.02.05"]
[Round "3"]
[White "f5"]
[Black "iwulu"]
[Result "1-0"]
[WhiteElo "2272"]
[BlackElo "2204"]
[ECO "B01"]
[TimeControl "2700+45"]

1. e4 d5 2. exd5 Qxd5 3. Nc3 Qa5 4. d4 Nf6 5. Nf3 c6 6. Bc4 Bf5 7. Bd2 Qc7 8.
Ne5 e6 9. g4 Bg6 10. Qe2 Nbd7 11. Nxg6 hxg6 12. O-O-O Rxh2 13. Rxh2 Qxh2 14. d5
cxd5 15. Nxd5 Nxd5 16. Bxd5 Qc7 17. Bxe6 fxe6 18. Qxe6+ Be7 19. Qxg6+ Kf8 20.
Rh1 Nf6 21. Rh8+ {Black resigns} 1-0

[Event "Team 45 45 League T32"]
[Site "Internet Chess Club"]
[Date "2007.02.04"]
[Round "3"]
[White "SkinnyPuppy"]
[Black "trevor21"]
[Result "1-0"]
[WhiteElo "2198"]
[BlackElo "2165"]
[ECO "C00"]
[TimeControl "2700+45"]

1. e4 e6 2. d3 d5 3. Nd2 Nf6 4. Ngf3 c5 5. g3 Nc6 6. Bg2 Be7 7. O-O O-O 8. e5
Nd7 9. Re1 b5 10. Nf1 a5 11. h4 b4 12. Bf4 Re8 13. N1h2 Ba6 14. Bh3 a4 15. a3
Bb5 16. Ng5 Nf8 17. Qh5 Bxg5 18. Bxg5 Qc7 19. Ng4 Reb8 20. Bf6 Ng6 21. Bxg7 Kxg7
22. Qh6+ Kh8 23. h5 Nd4 24. Nf6 Nf8 25. Ne8 {Black resigns} 1-0

[Event "Team 45 45 League T32"]
[Site "Internet Chess Club"]
[Date "2007.02.06"]
[Round "3"]
[White "Ser-Enigma"]
[Black "Amauta"]
[Result "1-0"]
[WhiteElo "2057"]
[BlackElo "1894"]
[ECO "B21"]
[TimeControl "2700+45"]

1. e4 c5 2. f4 Nc6 3. Nf3 d6 4. a4 Bg4 5. c3 e5 6. Bb5 a6 7. Bxc6+ bxc6 8. fxe5
dxe5 9. h3 Bxf3 10. Qxf3 c4 11. O-O Ra7 12. d4 cxd3 13. Be3 Rd7 14. Nd2 Qf6 15.
Qg3 Qe6 16. c4 f6 17. c5 Nh6 18. b4 Nf7 19. h4 Nd8 20. Rf3 a5 21. b5 g5 22. hxg5
Rg8 23. Qh4 fxg5 24. Qh5+ Qg6 25. Qxg6+ Rxg6 26. Rf5 g4 27. Rxe5+ Re7 28. Rf5
Bg7 29. Ra3 Rd7 30. e5 Bh6 31. Kf2 g3+ 32. Kf3 Rf7 33. Rxf7 Nxf7 34. Nc4 d2 35.
Rd3 cxb5 36. axb5 Bg7 37. Nd6+ Rxd6 38. exd6 Ne5+ 39. Ke2 Nxd3 40. Kxd2 Nb4 41.
c6 Nd5 42. b6 Nb4 43. c7 {Black resigns} 1-0